 Dungeon Crawl Stone Soup version 0.29.1-1-gd02db6906a (webtiles) character file.

Game seed: 6141613904728661718

9789 safid the Marksminotaur (level 11, 0/97 HPs)
             Began as a Minotaur Hunter on Oct 14, 2022.
             Was an Initiate of Okawaru.
             Slain by a troll (8 damage)
             ... on level 9 of the Dungeon.
             The game lasted 00:24:55 (8792 turns).

safid the Marksminotaur (Minotaur Hunter)           Turns: 8792, Time: 00:24:56

Health: 0/97       AC: 11    Str: 20    XL:     11   Next: 27%
Magic:  10/10      EV: 12    Int:  6    God:    Okawaru [......]
Gold:   1270       SH:  0    Dex: 22    Spells: 10/10 levels left

rFire   . . .      SeeInvis .   F - +0 arbalest
rCold   . . .      Faith    .   (shield currently unavailable)
rNeg    . . .      Spirit   .   d - +4 ring mail
rPois   +          Reflect  .   (helmet restricted)
rElec   .          Harm     .   (no cloak)
rCorr   .          Rampage  .   (no gloves)
Will    +....                   n - +1 pair of boots "Hidassou" {Drain Fly Str+5 Dex+3}
Stlth   +.........              m - amulet of regeneration
HPRegen 1.06/turn               e - ring of willpower
MPRegen 0.12/turn               w - ring of poison resistance

@: about to teleport, flying
A: horns 2, retaliatory headbutt
a: Renounce Religion


You were on level 9 of the Dungeon.
You worshipped Okawaru.
Okawaru was noncommittal.
You visited 2 branches of the dungeon, and saw 11 of its levels.
You also visited: Bailey.

You collected 1590 gold pieces.
You spent 320 gold pieces at shops.

Inventory:

Hand Weapons
 F - a +0 arbalest (weapon)
Armour
 d - a +4 ring mail (worn)
 n - the +1 pair of boots "Hidassou" (worn) {Drain Fly Str+5 Dex+3}
   (You found it on level 4 of the Dungeon)

   Str:       It affects your strength (+5).
   Dex:       It affects your dexterity (+3).
   Fly:       It grants you flight.
   Drain:     It drains your maximum health when unequipped.
Jewellery
 e - a ring of willpower (left hand)
 g - a ring of flight
 h - a ring of ice
 m - an amulet of regeneration (around neck)
 s - a +6 ring of dexterity
 w - a ring of poison resistance (right hand)
Wands
 j - a wand of roots (6)
 t - a wand of flame (7)
 y - a wand of polymorph (14)
Scrolls
 b - a scroll of summoning {unknown}
 c - 4 scrolls of teleportation
 k - a scroll of amnesia
 l - a scroll of magic mapping
 u - a scroll of enchant weapon {unknown}
 x - a scroll of enchant armour {unknown}
 z - 2 scrolls of fog
 E - a scroll of silence {unknown}
Potions
 a - a potion of berserk rage {unknown}
 f - a potion of ambrosia {unknown}
 i - 4 potions of curing
 o - 3 potions of might
 p - a potion of invisibility {unknown}
 q - a potion of haste {unknown}
 r - 2 potions of heal wounds


   Skills:
 + Level 9.1 Fighting
 + Level 16.8 Ranged Weapons
 - Level 2.1 Dodging
 - Level 0.7 Stealth
 - Level 5.0 Evocations


You had 10 spell levels left.
You didn't know any spells.
Your spell library contained the following spells:

 Spells                   Type           Power      Damage    Failure   Level
 Apportation              Tloc           0%         N/A       65%         1
 Slow                     Hex            0%         N/A       65%         1
 Poisonous Vapours        Pois/Air       0%         N/A       78%         2
 Confusing Touch          Hex            0%         N/A       95%         3
 Frozen Ramparts          Ice            0%         1d1       95%         3
 Portal Projectile        Hex/Tloc       0%         N/A       95%         3
 Vampiric Draining        Necr           0%         2d6       95%         3
 Corpse Rot               Necr/Pois/Air  0%         N/A       100%        4
 Fulminant Prism          Conj/Hex       0%         3d6       100%        4
 Ice Form                 Ice/Tmut       0%         N/A       100%        4
 Iskenderun's Mystic Bla  Conj/Tloc      0%         2d3       100%        4
 Passage of Golubria      Tloc           0%         N/A       100%        4
 Alistair's Intoxication  Tmut/Pois      0%         N/A       100%        5
 Blade Hands              Tmut           0%         N/A       100%        5
 Borgnjor's Vile Clutch   Necr/Erth      0%         N/A       100%        5
 Yara's Violent Unravell  Hex/Tmut       0%         3d3       100%        5
 Dispersal                Tloc           0%         N/A       100%        6
 Eringya's Noxious Bog    Tmut/Pois      0%         N/A       100%        6
 Disjunction              Tloc           0%         N/A       100%        8
 Summon Small Mammal      Summ           Unusable   N/A       N/A         1
 Tukima's Dance           Hex            Unusable   N/A       N/A         3
 Summon Ice Beast         Ice/Summ       Unusable   N/A       N/A         4
 Summon Forest            Summ/Tloc      Unusable   N/A       N/A         5
 Summon Mana Viper        Hex/Summ       Unusable   N/A       N/A         5
 Monstrous Menagerie      Summ           Unusable   N/A       N/A         7

Dungeon Overview and Level Annotations

Branches:
Dungeon (10/15)            Temple (1/1) D:6            Lair (0/5) D:9
    Orc (0/2) D:9          Bailey (visited)

Altars:
Ashenzari
Cheibriados
Dithmenos
Elyvilon
Fedhas
Gozag
Hepliaklqana
Kikubaaqudgha
Makhleb
Nemelex Xobeh
Okawaru
Qazlal
Ru
Sif Muna
Trog
Uskayaw
Vehumet
Wu Jian
Xom
Yredelemnul
Zin
The Shining One

Shops:
D:7 *   D:9 :

Portals:
Abyss: D:7

Annotations:
D:7 2 transporters, bakla's ghost, novice MeFE
D:9 3 runed translucent doors, drewk1942's ghost, novice DjFE


Innate Abilities, Weirdness & Mutations

You have a pair of horns on your head.
You reflexively headbutt those who attack you in melee.


Message History

Okawaru welcomes you!
Found a stone staircase leading up.
There is a stone staircase leading up here.
A troll comes into view.
The troll shouts!
You hear a shout!
You shoot a bolt. The bolt hits the troll.
The troll is lightly wounded.
You shoot a bolt.
The bolt hits the troll but does no damage.
The troll is lightly wounded.
You shoot a bolt. The bolt hits the troll!
The troll is heavily wounded.
A troll comes into view.
You shoot a bolt. The bolt closely misses the troll.
The troll bites you! The troll misses you. The troll claws you!
You shoot a bolt. The bolt closely misses the troll.
The troll bites you! The troll claws you! x2
You shoot a bolt. The bolt closely misses the troll.
The troll bites you! The troll claws you but does no damage.
The troll closely misses you.
You are too injured to fight recklessly!
Unknown command.
The troll attacks as you move away! The troll bites you.
The troll barely misses you. The troll claws you but does no damage.
The troll attacks as you move away! The troll bites you!
The troll claws you but does no damage. x2
The troll attacks as you move away! The troll misses you.
You furiously retaliate!
You headbutt the troll. The troll claws you.
* * * LOW HITPOINT WARNING * * *
The troll misses you.
There is a stone staircase leading up here.
The troll closely misses you. The troll misses you. The troll claws you!
* * * LOW HITPOINT WARNING * * *
You fly upwards.
Level annotation: 3 runed translucent doors, drewk1942's ghost, novice DjFE
There is a stone staircase leading down here.
As you read the scroll of teleportation, it crumbles to dust.
You feel strangely unstable. The troll bites you!
* * * LOW HITPOINT WARNING * * *
The troll claws you but does no damage. The troll claws you!
You die...

#################################
.................................
.................................
################..###############
#..###############
################.................
...............T@...............#
................................#
#####..#######################.##
#..# #... #..# ##.. #..# ##. #..#
## #..# # #..#


You could see a troll.

Vanquished Creatures
  A two-headed ogre (D:7)
  A komodo dragon (D:9)
  2 hornets (D:7)
  A wraith (D:9)
  2 wyverns
  2 steam dragons
  12 yaks
  3 vampire mosquitoes (D:9)
  Edmund (D:4)
  A water moccasin (D:7)
  2 black bears
  A sky beast (D:8)
  14 orc warriors
  3 ice beasts
  2 ogres
  A centaur (D:5)
  A kobold brigand (D:6)
  2 necrophages
  2 bullfrogs
  2 scorpions
  29 wights
  3 killer bees
  5 howler monkeys
  4 electric eels (D:9)
  A jelly (D:5)
  5 hounds
  10 orc priests
  3 iguanas (D:5)
  9 orc wizards
  2 gnolls (Bailey)
  8 adders
  A shadow imp (D:8)
  A white imp (D:7)
  An ufetubus (D:7)
  A worm (D:2)
  6 dart slugs
  45 orcs
  11 ball pythons
  11 endoplasms
  4 giant cockroaches
  16 goblins
  6 hobgoblins
  7 jackals
  2 quokkas
  3 bats
  3 frilled lizards
  14 kobolds
  6 rats
273 creatures vanquished.

Vanquished Creatures (others)
  An orc (D:8)
  6 plants (D:9)
7 creatures vanquished.

Grand Total: 280 creatures vanquished

Notes
Turn   | Place    | Note
-------+----------+-------------------------------------------
     0 | D:1      | safid the Minotaur Hunter began the quest for the Orb.
     0 | D:1      | Reached XP level 1. HP: 18/18 MP: 0/0
    98 | D:1      | Reached XP level 2. HP: 25/26 MP: 1/1
   270 | D:1      | Reached skill level 5 in Ranged Weapons
   313 | D:1      | Found a faded altar of an unknown god.
   539 | D:1      | Reached XP level 3. HP: 31/31 MP: 2/2
  1409 | D:2      | Reached XP level 4. HP: 38/38 MP: 3/3
  1422 | D:2      | Reached skill level 6 in Ranged Weapons
  2600 | D:4      | Reached XP level 5. HP: 45/45 MP: 4/4
  2605 | D:4      | Reached skill level 7 in Ranged Weapons
  2611 | D:4      | Identified the +1 pair of boots "Hidassou" {Drain Fly Str+5
                  | Dex+3}
  2921 | D:4      | Reached skill level 8 in Ranged Weapons
  2921 | D:4      | Reached XP level 6. HP: 44/51 MP: 5/5
  3256 | D:5      | Entered Level 5 of the Dungeon
  3377 | D:5      | Found a glowing golden altar of the Shining One.
  3404 | D:5      | Reached skill level 9 in Ranged Weapons
  3468 | D:5      | Got the Guide on Hyperbolic Hexes
  3509 | D:5      | Noticed Edmund
  3538 | D:4      | HP: 2/51 [poisoned by Edmund]
  3550 | D:4      | Killed Edmund
  3551 | D:4      | Reached XP level 7. HP: 6/57 MP: 6/6
  3554 | D:4      | HP: 2/57 [poisoned by Edmund]
  3751 | D:5      | Reached skill level 10 in Ranged Weapons
  4012 | D:6      | Reached skill level 11 in Ranged Weapons
  4012 | D:6      | Reached XP level 8. HP: 54/63 MP: 7/7
  4288 | D:6      | Found a staircase to the Ecumenical Temple.
  4388 | D:6      | Reached skill level 12 in Ranged Weapons
  4434 | D:6      | Found a bloodstained altar of Trog.
  4545 | D:6      | Reached skill level 13 in Ranged Weapons
  4716 | D:7      | Reached XP level 9. HP: 69/69 MP: 8/8
  4755 | D:7      | Found a flagged portal.
  4791 | D:7      | Reached skill level 14 in Ranged Weapons
  4805 | Bailey   | Entered a bailey
  5221 | D:7      | Reached skill level 15 in Ranged Weapons
  5245 | D:7      | Noticed a two-headed ogre
  5254 | D:7      | Killed a two-headed ogre
  5255 | D:7      | Reached XP level 10. HP: 66/77 MP: 9/9
  5272 | D:7      | Reached skill level 16 in Ranged Weapons
  5343 | D:7      | Found a transporter.
  5345 | D:7      | Found a transporter.
  5350 | D:7      | Found a one-way gate to the infinite horrors of the Abyss.
  5350 | D:7      | Noticed bakla's ghost (novice MeFE)
  5433 | D:7      | Reached skill level 1 in Evocations
  5480 | Temple   | Entered the Ecumenical Temple
  5864 | D:7      | Found Ceaheatu's Serpentskin Sales.
  5877 | D:7      | Bought a ring of poison resistance for 320 gold pieces
  5930 | D:7      | Found a blossoming altar of Fedhas.
  6314 | D:8      | Found a white marble altar of Elyvilon.
  6360 | D:8      | Reached skill level 5 in Fighting
  6708 | D:8      | Found an ancient bone altar of Kikubaaqudgha.
  6713 | D:8      | Found a shimmering blue altar of Sif Muna.
  6715 | D:8      | Found a radiant altar of Vehumet.
  6720 | D:8      | Got Sif Muna's Directory of the Retinue
  7351 | D:9      | Found a runed translucent gate.
  7351 | D:9      | Found a runed translucent gate.
  7386 | D:9      | Reached skill level 5 in Evocations
  7474 | D:9      | Found Xiojaasaha's Book Emporium.
  7879 | D:9      | Found a runed translucent gate.
  7880 | D:9      | Noticed drewk1942's ghost (novice DjFE)
  7909 | D:9      | Reached XP level 11. HP: 92/94 MP: 10/10
  7992 | D:9      | Found a staircase to the Orcish Mines.
  8050 | D:9      | Found a staircase to the Lair.
  8428 | D:10     | Entered Level 10 of the Dungeon
  8747 | D:10     | Found an iron altar of Okawaru.
  8748 | D:10     | Found a snail-covered altar of Cheibriados.
  8754 | D:10     | Became a worshipper of Warmaster Okawaru
  8792 | D:9      | Slain by a troll

Illustrated notes

Levels and vault maps discovered:
D:1:      ebering_hopf_link, layout_basic,
          dreamdust_ecumenical_altar_angels_and_demons
D:2:      layout_loops_ring, st_stairs_7
D:3:      layout_basic, minmay_diced_spiral
D:4:      layout_basic
D:5:      layout_cave_pools, mainiacjoe_overflow_small_starburst, uniq_edmund
D:6:      layout_rooms, trog_antimagical, minmay_temple_entry_from_below_a
D:7:      layout_loops_ring, fedhas_altar_1, gammafunk_ghost_abyssal_escape,
          enter_bailey_5, guppyfry_shop_venom
D:8:      layout_basic, grunt_temple_overflow_magic_moments,
          mainiacjoe_overflow_alcove_1, minmay_circle_x
D:9:      statuecave_lemuel, layout_long_grid, david_lair_shrubbed, david_orc_4,
          serial_shops, nicolae_shop_hallway_plus, ebering_ghost_rock_garden
D:10:     layout_small_grid, nicolae_overflow_two_pavilions
Temple:   oiseaux_autumnal_temple

Skill      XL: |  1  2  3  4  5  6  7  8  9 10 11 |
---------------+----------------------------------+-----
Fighting       | 3 7 9 |  9.1
Ranged Weapons | 5 6 8 9 11 13 15 16 | 16.8
Evocations     | 5 |  5.0
Dodging        | |  2.1
Stealth        | |  0.7

Action                   |  1- 3 |  4- 6 |  7- 9 | 10-12 || total
-------------------------+-------+-------+-------+-------++-------
 Fire: Shortbow          |    98 |   185 |   319 |   357 ||   959
       Arbalest          |       |       |       |    63 ||    63
  Use: Potion            |       |     4 |     1 |       ||     5
       Scroll            |       |       |    10 |     6 ||    16
Armor: Leather armour    |     3 |       |       |       ||     3
       Ring mail         |    10 |    42 |    59 |    63 ||   174
Dodge: Dodged            |    24 |    73 |    94 |   106 ||   297
